 Dungeon Crawl Stone Soup version 0.28-a0-863-g8cecda6153 (webtiles) character file.

Game seed: 557414548490650742

36 mcbry74 the Slasher (level 3, -1/31 HPs)
             Began as a Minotaur Fighter on Nov 18, 2021.
             Killed from afar by Robin (6 damage)
             ... with a puff of flame
             ... on level 2 of the Dungeon.
             The game lasted 00:02:09 (911 turns).

mcbry74 the Slasher (Minotaur Fighter)               Turns: 911, Time: 00:02:10

Health: -1/31      AC:  6    Str: 21    XL:     3   Next: 19%
Magic:  2/2        EV:  9    Int:  5    God:
Gold:   29         SH:  4    Dex:  9    Spells: 2/2 levels left

rFire   . . .      SeeInvis .   a - +0 long sword
rCold   . . .      Faith    .   c - +0 buckler
rNeg    . . .      Spirit   .   b - +0 scale mail
rPois   .          Reflect  .   (helmet restricted)
rElec   .          Harm     .   (no cloak)
rCorr   .          Rampage  .   (no gloves)
Will    .....                   (no boots)
Stlth   ..........              (no amulet)
HPRegen 0.10/turn               (no ring)
MPRegen 0.08/turn               (no ring)

@: no status effects
A: horns 2, retaliatory headbutt
a: no special abilities


You were on level 2 of the Dungeon.
You visited 1 branch of the dungeon, and saw 2 of its levels.

You collected 29 gold pieces.

Inventory:

Hand Weapons
 a - a +0 long sword (weapon)
Armour
 b - a +0 scale mail (worn)
 c - a +0 buckler (worn)
Jewellery
 g - a ring of magical power
Scrolls
 e - a scroll of blinking {unknown}
 f - a scroll of fear {unknown}
 i - 2 scrolls of identify {unknown}
Potions
 d - a potion of might
 h - a potion of attraction {unknown}


   Skills:
 - Level 3.6 Fighting
 + Level 4.5 Long Blades
 - Level 3.6 Armour
 - Level 3.6 Shields


You had 2 spell levels left.
You didn't know any spells.
Your spell library was empty.

Dungeon Overview and Level Annotations

Branches:
Dungeon (2/15)

Altars:

Annotations:
D:2 Robin


Innate Abilities, Weirdness & Mutations

You have a pair of horns on your head.
You reflexively headbutt those who attack you in melee.


Message History

You closely miss the goblin. The goblin hits you but does no damage.
You slash the goblin!
You kill the goblin!
The goblin no longer looks unusually strong.
You barely miss the goblin. Your headbutt misses the goblin.
The goblin hits you with a +0 dagger.
You completely miss the goblin. The goblin completely misses you.
Robin roars a battlecry!
The goblins go into a battle-frenzy!
You completely miss the goblin. Your headbutt misses the goblin.
The goblin hits you with a +0 dagger. The goblin hits you but does no damage.
You barely miss the goblin. The goblin barely misses you.
You closely miss the goblin. The goblin hits you with a +0 dagger.
Robin throws the goblin at you!
You closely miss the goblin.
The goblin hits you with a +1 dagger of holy wrath.
The goblin hits you with a +0 dagger.
Robin points. "Kill!"
You closely miss the goblin. The goblin closely misses you.
You furiously retaliate!
You headbutt the goblin.
You kill the goblin!
The goblin hits you but does no damage. Robin throws the goblin at you!
You miss the goblin. Your headbutt misses the goblin.
You block the goblin's attack. The goblin closely misses you.
You furiously retaliate!
You headbutt the goblin!
You kill the goblin!
Items here: $ )) †.
You hit Robin.
Robin is moderately wounded.
Robin zaps a wand.
The puff of flame misses you.
Robin says, "A pitiful Minotaur like you will never find the ORB!"
Robin zaps a wand.
The puff of flame hits you.
You hit Robin. Your headbutt misses Robin.
Robin is heavily wounded.
Robin zaps a wand.
The puff of flame hits you!
* * * LOW HITPOINT WARNING * * *
You barely miss Robin.
Robin is heavily wounded.
Robin zaps a wand.
The puff of flame hits you.
You die...

.#. ... #.# #.#
#.# #[# #.# #@#
#g# #.# #.# #.#
#.# #.#
#)#############
#.#
#...g.gg))[...#
#.#
#.########.#..#
#># #.# #


You could see Robin.

Vanquished Creatures
  A dart slug (D:1)
  A ball python (D:1)
  2 endoplasms (D:1)
  2 giant cockroaches (D:1)
  11 goblins
  3 hobgoblins
  3 quokkas (D:1)
  2 bats (D:1)
  A frilled lizard (D:1)
  A rat (D:1)
27 creatures vanquished.

Notes
Turn   | Place    | Note
-------+----------+-------------------------------------------
     0 | D:1      | mcbry74 the Minotaur Fighter began the quest for the Orb.
     0 | D:1      | Reached XP level 1. HP: 19/19 MP: 0/0
   171 | D:1      | Reached skill level 3 in Long Blades
   251 | D:1      | Reached XP level 2. HP: 26/26 MP: 1/1
   765 | D:1      | Reached skill level 4 in Long Blades
   874 | D:2      | Noticed Robin
   877 | D:2      | Reached XP level 3. HP: 31/31 MP: 2/2
   911 | D:2      | Killed from afar by Robin

Illustrated notes

Levels and vault maps discovered:
D:1:      saegor_arrival_fortress, layout_basic
D:2:      layout_loops_ring, nicolae_ecumenical_snake_handling, uniq_robin

Skill      XL: |  1  2 |
---------------+-------+-----
Long Blades    | 3 4 |  4.5
Fighting       | |  3.6
Armour         | |  3.6
Shields        | |  3.6

Action                   || total
-------------------------++-------
Melee: Long sword        ||    63
       Headbutt          ||     5
Armor: Scale mail        ||    21
Dodge: Dodged            ||    34
Block: Buckler           ||     6

Table legend: (Time is in decaauts)
 A = Elapsed time spent in this place.
 B = Non-inter-level travel time spent in this place.
 C = Inter-level travel time spent in this place.
 D = Time resting spent in this place.
 E = Time spent auto-exploring this place.
 F = Levels seen in this place.
 G = Mean time per level.
                   A        B        C        D        E       F      G
               +--------+--------+--------+--------+--------+-----+--------+
         Total |    924 |    897 |     27 |      0 |    753 |   2 |  462.0 |
       Dungeon |    924 |    897 |     27 |      0 |    753 |   2 |  462.0 |
               +--------+--------+--------+--------+--------+-----+--------+

Top non-repeatable levels by time:
     D:1: 851 daAuts
     D:2: 73 daAuts
